 Dungeon Crawl Stone Soup version 0.29-a0-321-gf1c400731a (webtiles) character file.

Game seed: 10598974274888452794

239 sammy202020 the Skirmisher (level 5, 0/64 HPs)
             Began as a Demonspawn Berserker on Apr 5, 2022.
             Was a Believer of Trog.
             Succumbed to a kobold's poison
             ... on level 4 of the Dungeon.
             The game lasted 00:02:56 (2436 turns).

sammy202020 the Skirmisher (Demonspawn Berserker)   Turns: 2436, Time: 00:02:57

Health: 0/64       AC: 12    Str: 17    XL:     5   Next: 79%
Magic:  5/5        EV:  5    Int: 16    God:    Trog [**....]
Gold:   155        SH:  0    Dex: 13    Spells: 4/4 levels left

rFire   . . .      SeeInvis .   a - +0 hand axe
rCold   . . .      Faith    .   (no shield)
rNeg    . . .      Spirit   .   r - +0 plate armour
rPois   .          Reflect  .   (helmet restricted)
rElec   .          Harm     .   (no cloak)
rCorr   .          Rampage  .   j - +0 pair of gloves
Will    ++...                   (no boots)
Stlth   ..........              (no amulet)
HPRegen 1.20/turn               i - +6 ring of intelligence
MPRegen 0.09/turn               (no ring)

@: berserking (expiring), lethally poisoned (0 -> 0), strong-willed (expiring),
regenerating (expiring), very quick
A: horns 1, demonic guardian 2, spiny 1
a: Renounce Religion, Berserk, Trog's Hand


You were on level 4 of the Dungeon.
You worshipped Trog.
Trog was pleased with you.
You visited 1 branch of the dungeon, and saw 4 of its levels.

You collected 155 gold pieces.

Inventory:

Hand Weapons
 a - a +0 hand axe (weapon)
Armour
 d - a +0 chain mail
 j - a +0 pair of gloves (worn)
 r - a +0 plate armour (worn)
Jewellery
 b - a ring of ice
 i - a +6 ring of intelligence (left hand)
Scrolls
 c - a scroll of teleportation {unknown}
 g - a scroll of immolation {unknown}
 h - a scroll of blinking {unknown}
 l - a scroll of brand weapon {unknown}
 n - 4 scrolls of fear {unknown}
Potions
 e - a potion of degeneration {unknown}
 f - a potion of flight {unknown}
 k - a potion of attraction {unknown}
 m - a potion of haste {unknown}
 o - a potion of brilliance {unknown}
 p - a potion of mutation {unknown}
 q - a potion of might {unknown}


   Skills:
 * Level 4.7 Fighting
 * Level 4.3 Axes
 + Level 2.9 Armour
 - Level 1.7 Dodging


You had 4 spell levels left.
You didn't know any spells.
Your spell library was empty.

Dungeon Overview and Level Annotations

Branches:
Dungeon (4/15)
 Temple: D:4-7

Altars:
The Shining One


Innate Abilities, Weirdness & Mutations

You have a pair of small horns on your head.
A demonic guardian rushes to your aid.
You are partially covered in sharp spines.


Message History

* * * LOW HITPOINT WARNING * * *
You barely miss the orc.
The orc is almost dead.
You hit something.
You feel sick.
Your hellwing hits the orc!
The orc dies!
Trog accepts your kill.
Your Fighting skill increases to level 4!
Unknown command.
You miss something. Your headbutt misses something.
You feel very sick.
An orc comes into view. It is wielding a +0 trident.
You hear some strange, mumbled words.
A magic dart appears from out of thin air!
The magic dart hits you.
* * * LOW HITPOINT WARNING * * *
You slash something! Trog accepts your kill.
Trog appreciates your killing of a magic user.
Reactivating autopickup.
You feel a bit more experienced.
You feel sick.
The orc hits you from afar with a +0 trident.
* * * LOW HITPOINT WARNING * * *
Your Axes skill increases to level 4!
You have reached level 5!
Your demonic ancestry asserts itself...
Sharp spines emerge from parts of your body.
You are too berserk!
Okay, then.
* * * LOW HITPOINT WARNING * * *
You feel sick.
You feel a strong urge to attack something.
You feel the effects of Trog's Hand fading.
* * * LOW HITPOINT WARNING * * *
You feel sick. The orc closely misses your hellwing.
Your hellwing hits the orc. x2
The orc dies!
Trog accepts your kill.
You are too berserk!
Unknown command.
You die...

#..♣P♣.................###
#.P.♣♣...).########.......
#....P.....# #.######
#..P♣P.....# #.#
##..P...#..# #.#
##........########.#
#.....#...........#
####.....#############
..........@...#
.###.....####.# #..K..#
##.4)## #o).# #...# o....
.#..## #.#..


You could see an orc, a kobold and a friendly hellwing (summoned).

Vanquished Creatures
  Sigmund (D:4)
  A worm (D:4)
  2 dart slugs
  An orc (D:4)
  3 ball pythons
  3 bats (D:1)
  4 endoplasms
  2 giant cockroaches
  6 goblins
  8 hobgoblins
  2 quokkas
  3 frilled lizards (D:1)
  3 kobolds
  7 rats
46 creatures vanquished.

Vanquished Creatures (collateral kills)
  An iguana (D:4)
  2 orcs (D:4)
  A goblin (D:1)
4 creatures vanquished.

Grand Total: 50 creatures vanquished

Notes
Turn   | Place    | Note
-------+----------+-------------------------------------------
     0 | D:1      | sammy202020 the Demonspawn Berserker began the quest for
                  | the Orb.
     0 | D:1      | Reached XP level 1. HP: 18/18 MP: 1/1
   302 | D:1      | Gained mutation: A weak demonic guardian rushes to your
                  | aid. [demonic ancestry]
   302 | D:1      | Reached XP level 2. HP: 24/24 MP: 2/2
   623 | D:1      | Reached ** piety under Trog
  1004 | D:1      | Gained mutation: A demonic guardian rushes to your aid.
                  | [demonic ancestry]
  1004 | D:1      | Reached XP level 3. HP: 29/29 MP: 3/3
  1132 | D:2      | You fall into a shaft and drop 1 floor!
  2067 | D:4      | Gained mutation: You have a pair of small horns on your
                  | head. [demonic ancestry]
  2067 | D:4      | Reached XP level 4. HP: 11/37 MP: 4/4
  2415 | D:4      | Noticed Sigmund
  2433 | D:4      | Killed Sigmund
  2433 | D:4      | HP: 2/55 [orc/+0 trident (6)]
  2434 | D:4      | Gained mutation: You are partially covered in sharp spines.
                  | [demonic ancestry]
  2434 | D:4      | Reached XP level 5. HP: 2/43 MP: 5/5
  2436 | D:4      | Succumbed to a kobold's poison

Illustrated notes

Levels and vault maps discovered:
D:1:      erik_arrival_cave_to_civilisation [erik_arrival_cave_to_hall],
          layout_basic, corexii_corridor_pit, minmay_cut_off
D:2:      layout_basic, uniq_robin
D:3:      layout_loops_ring
D:4:      layout_loops_ring, mainiacjoe_overflow_concentric_impassable,
          serial_forest, infiniplex_forest_clump_small,
          infiniplex_forest_straight_3, infiniplex_forest_lined_room_2,
          infiniplex_forest_straight_1, infiniplex_forest_split,
          infiniplex_forest_clump_small, infiniplex_forest_straight_3,
          uniq_sigmund

Skill      XL: |  1  2  3  4 |
---------------+-------------+-----
Armour         | 2 |  2.9
Axes           | 3 4 |  4.3
Fighting       | 4 |  4.7
Dodging        | |  1.7

Action                   |  1- 3 |  4- 6 || total
-------------------------+-------+-------++-------
Melee: Hand axe          |   124 |    16 ||   140
       Headbutt          |       |     3 ||     3
Invok: Berserk           |       |     1 ||     1
       Trog's Hand       |       |     1 ||     1
Armor: Animal skin       |     3 |       ||     3
       Chain mail        |    65 |       ||    65
       Plate armour      |     1 |     6 ||     7
Dodge: Dodged            |    55 |     2 ||    57

Table legend: (Time is in decaauts)
 A = Elapsed time spent in this place.
 B = Non-inter-level travel time spent in this place.
 C = Inter-level travel time spent in this place.
 D = Time resting spent in this place.
 E = Time spent auto-exploring this place.
 F = Levels seen in this place.
 G = Mean time per level.
                   A        B        C        D        E       F      G
               +--------+--------+--------+--------+--------+-----+--------+
         Total |   2452 |   2452 |      0 |      0 |   1947 |   4 |  613.0 |
       Dungeon |   2452 |   2452 |      0 |      0 |   1947 |   4 |  613.0 |
               +--------+--------+--------+--------+--------+-----+--------+

Top non-repeatable levels by time:
     D:1: 1134 daAuts
     D:3: 715 daAuts
     D:4: 594 daAuts
     D:2: 7 daAuts
